[Event "Titled Tuesday Blitz November 08 Early 2022"]
[White "Wagner, Dennis"]
[Black "Janaszak, Dawid"]
[WhiteFideId "24650684"]
[BlackFideId "1119206"]
[WhiteElo "2470"]
[BlackElo "2226"]
[Result "1-0"]
[Round "06"]
[TimeControl "180+1"]
[Date "2022.11.09"]
[WhiteClock "0:00:12"]
[BlackClock "0:00:09"]

1. e4 e5 2. Nf3 Nc6 3. Bc4 Nf6 4. d3 d5 5. exd5 Nxd5 6. O-O Nb6 7. Bb5 Bd6 8. Re1 f6 9. d4 O-O 10. Bxc6 bxc6 11. dxe5 fxe5 12. Ng5 Bf5 13. Nc3 Qe8 14. Nge4 Qg6 15. Qf3 Rad8 16. Qg3 Nd5 17. Qxg6 Bxg6 18. Bg5 Rb8 19. Nxd5 cxd5 20. Nxd6 cxd6 21. Be7 Rfc8 22. Bxd6 Rxb2 23. Bxe5 Rbxc2 24. a4 Rd2 25. a5 d4 26. a6 d3 27. Bd4 Rdc2 28. Bxa7 d2 29. Red1 Bd3 30. Be3 Rc1 31. a7 Be4 32. Rdxc1 dxc1=Q+ 33. Rxc1 Rxc1+ 34. Bxc1 Kf7 35. f3 Bb7 36. Kf2 Ke6 37. Ke3 Kd5 38. Kf4 g6 39. h4 Ke6 40. Kg5 Kf7 41. Kh6 Kg8 42. Bb2 Bc6 43. Bc3 Bb7 44. h5 gxh5 45. Kxh5 Bc6 46. Kg5 Bb7 47. Kf6 h5 48. Ke7 h4 49. Be1 h3 50. gxh3 Bxf3 51. Kd7 Kh7 52. Kc7 Kg6 53. Kb8 Kh5 54. a8=Q 1-0


[Site "https://www.chess.com"]

[Event "Titled Tuesday Blitz November 08 Early 2022"]
[White "Winkels, Marcel"]
[Black "Zaichenko, Daria"]
[WhiteFideId "1003887"]
[BlackFideId "4197453"]
[WhiteElo "1900"]
[BlackElo "2039"]
[Result "0-1"]
[Round "06"]
[TimeControl "180+1"]
[Date "2022.11.09"]
[WhiteClock "0:00:03"]
[BlackClock "0:00:31"]

1. e4 c5 2. Nf3 Nc6 3. Bc4 e6 4. O-O d5 5. Bb5 Nf6 6. Ne5 Bd7 7. Bxc6 bxc6 8. exd5 cxd5 9. Nc3 Bd6 10. d4 h6 11. Bf4 Qc7 12. Re1 O-O 13. dxc5 Qxc5 14. Nxd7 Nxd7 15. Bg3 Bxg3 16. hxg3 Nf6 17. Qd3 Rfe8 18. Rad1 Rad8 19. Qb5 Qxb5 20. Nxb5 Rb8 21. a4 a6 22. Nc7 Rec8 23. Nxa6 Rb6 24. b3 Rxa6 25. Re2 Rac6 26. Rdd2 Ne4 27. Rd3 Rxc2 28. Rde3 Rxe2 29. Rxe2 Rb8 30. Rb2 Nc5 31. a5 Nd3 32. Rb1 Rb5 33. a6 Ra5 34. Rd1 Nb4 0-1


[Site "https://www.chess.com"]

[Event "Titled Tuesday Blitz November 08 Early 2022"]
[White "Winterberg, Lukas"]
[Black "Terzi, Alexei"]
[WhiteFideId "24622702"]
[BlackFideId "13505076"]
[WhiteElo "2349"]
[BlackElo "2172"]
[Result "1/2-1/2"]
[Round "06"]
[TimeControl "180+1"]
[Date "2022.11.09"]
[WhiteClock "0:00:12"]
[BlackClock "0:00:12"]

1. e4 c5 2. Nf3 Nc6 3. Bb5 g6 4. O-O Bg7 5. Re1 e5 6. c3 Nge7 7. d4 cxd4 8. cxd4 exd4 9. Bf4 d6 10. Nbd2 O-O 11. Rc1 a6 12. Bf1 h6 13. h3 g5 14. Bg3 Ng6 15. Nb3 Qf6 16. Rc4 Be6 17. Bxd6 Bxc4 18. Bxf8 Bxf1 19. Bxg7 Kxg7 20. Kxf1 Rd8 21. Qd2 Nge5 22. Nxe5 Qxe5 23. Kg1 Rd6 24. Nc1 d3 25. Re3 Qe6 26. Rxd3 Rxd3 27. Qxd3 Ne5 28. Qc3 Kg6 29. b3 Qd6 30. Qc2 h5 31. Ne2 h4 32. Nc3 Qd4 33. Nd5 g4 34. Qc8 Kg7 35. Qf5 g3 36. Ne3 Qa1+ 37. Nf1 Qd4 38. Qg5+ Kf8 39. Qe3 Qxe3 40. Nxe3 gxf2+ 41. Kxf2 Nd3+ 42. Kf3 Nc1 43. Kg4 Nxa2 44. Kxh4 Nc1 45. b4 Nd3 46. Nd5 Nf2 47. e5 Nd3 48. Kg5 Nxe5 49. Kf5 Nc6 50. g4 Kg7 51. h4 b6 52. g5 a5 53. bxa5 bxa5 54. Nb6 Nd4+ 55. Kg4 Ne6 56. h5 f6 57. gxf6+ Kxf6 58. Na4 Nf8 59. Kf4 Kg7 60. Ke4 Kh6 61. Kd4 Kxh5 62. Kc5 Kg6 63. Kb5 Kf5 64. Kxa5 1/2-1/2


[Site "https://www.chess.com"]

[Event "Titled Tuesday Blitz November 08 Early 2022"]
[White "Wirig, Anthony"]
[Black "Padmini, Rout"]
[WhiteFideId "615013"]
[BlackFideId "5029295"]
[WhiteElo "2487"]
[BlackElo "2296"]
[Result "0-1"]
[Round "06"]
[TimeControl "180+1"]
[Date "2022.11.09"]
[WhiteClock "0:00:02"]
[BlackClock "0:00:23"]

1. d4 Nf6 2. Bg5 c5 3. Bxf6 gxf6 4. d5 e6 5. c4 Qa5+ 6. Nc3 Bg7 7. e3 f5 8. Qc2 Na6 9. a3 b5 10. cxb5 Nb4 11. Qd2 Nxd5 12. Nxd5 Qxd2+ 13. Kxd2 exd5 14. Kc2 Rb8 15. Rd1 Bb7 16. Nh3 d4 17. Nf4 dxe3 18. fxe3 a6 19. a4 Be4+ 20. Kb3 O-O 21. Bc4 axb5 22. Bxb5 Bc6 23. Kc4 Rfe8 24. Bxc6 dxc6 25. Kxc5 Rxb2 26. Rc1 Rxe3 27. Kxc6 Re4 28. Nd5 Rxa4 29. Rhd1 Bf8 30. Nf6+ Kg7 31. Nh5+ Kg6 32. Ng3 f4 33. Nf1 Rxg2 34. Rd3 Rb2 35. Nd2 Ra6+ 36. Kd5 Rd6+ 37. Ke4 Rxd2 38. Rg1+ Kf6 39. Rxd2 Rxd2 40. Kxf4 Rxh2 41. Rb1 Bh6+ 42. Kg4 Kg6 43. Rb6+ f6 44. Rb3 Ra2 45. Rd3 Bg5 46. Kf3 h5 47. Kg3 Ra4 48. Kh3 Ra5 49. Rb3 Kf5 50. Rd3 Ke4 51. Rb3 Rd5 52. Rb6 Rd3+ 53. Kg2 h4 54. Re6+ Kf5 55. Re8 h3+ 56. Kh2 Bf4+ 57. Kg1 h2+ 58. Kg2 Rd2+ 59. Kh1 Rd1+ 0-1


[Site "https://www.chess.com"]

[Event "Titled Tuesday Blitz November 08 Early 2022"]
[White "Xiong, Jeffery"]
[Black "Nakamura, Hikaru"]
[WhiteFideId "2047640"]
[BlackFideId "2016192"]
[WhiteElo "2725"]
[BlackElo "2909"]
[Result "1/2-1/2"]
[Round "06"]
[TimeControl "180+1"]
[Date "2022.11.08"]
[WhiteClock "0:00:43"]
[BlackClock "0:00:20"]

1. d4 g6 2. g4 d5 3. h3 c5 4. dxc5 e6 5. c4 Bxc5 6. cxd5 Nf6 7. Nc3 Nxd5 8. Nxd5 Qxd5 9. Qxd5 exd5 10. Bg2 Be6 11. Nf3 h5 12. Ng5 Nc6 13. Bd2 Bd4 14. Rc1 Kd7 15. b3 hxg4 16. hxg4 Rxh1+ 17. Bxh1 Rh8 18. Bg2 Bxg4 19. Bxd5 f6 20. Rc4 fxg5 21. Bxc6+ bxc6 22. Rxd4+ Ke6 23. Bxg5 Bf5 24. f3 Rh1+ 25. Kd2 Rb1 26. Ra4 Rb2+ 27. Ke1 Bb1 28. Rxa7 Bxa2 29. Bc1 Rc2 1/2-1/2


[Site "https://www.chess.com"]

[Event "Titled Tuesday Blitz November 08 Early 2022"]
[White "Yuan, Qingyu"]
[Black "Avramidou, Anastasia"]
[WhiteFideId "8609772"]
[BlackFideId "4239873"]
[WhiteElo "2359"]
[BlackElo "2221"]
[Result "1/2-1/2"]
[Round "06"]
[TimeControl "180+1"]
[Date "2022.11.09"]
[WhiteClock "0:00:26"]
[BlackClock "0:00:15"]

1. e4 e6 2. d4 d5 3. Nc3 Bb4 4. Ne2 Nf6 5. e5 Nfd7 6. a3 Be7 7. b4 a5 8. Rb1 axb4 9. axb4 b6 10. Be3 O-O 11. b5 c6 12. Nf4 c5 13. Be2 Bb7 14. O-O Qc7 15. Qd2 cxd4 16. Bxd4 Nxe5 17. Qe3 Nbd7 18. Nh5 Rfc8 19. f4 Bc5 20. Rb3 Nc4 21. Bxc4 dxc4 22. Rbb1 Bxd4 23. Qxd4 Qc5 24. Rfd1 Qxd4+ 25. Rxd4 Nf8 26. Rd6 Ra3 27. Nd1 Be4 28. Rc1 Rb8 29. Ng3 Bd5 30. Ne2 Ng6 31. Ndc3 Ne7 32. g3 h5 33. Rd1 Kf8 34. Kf2 Ke8 35. Nxd5 Nxd5 36. Nd4 Rd8 37. Rxd8+ Kxd8 38. f5 Ke7 39. Nc6+ Kf6 40. fxe6 fxe6 41. Rd4 Rc3 42. Rd2 Ra3 43. Nd4 Ra2 44. Re2 e5 45. Nc6 Nc3 46. Rxe5 Rxc2+ 47. Kf3 Nxb5 48. Rxb5 Rxh2 49. Rxb6 c3 50. Nb4+ Ke5 51. Rc6 g5 52. Rxc3 g4+ 53. Ke3 Rg2 54. Rc5+ Kd6 55. Rd5+ Ke6 56. Kf4 Rf2+ 57. Kg5 Rb2 58. Kxh5 Rxb4 59. Rg5 Kf6 60. Rxg4 Rxg4 61. Kxg4 Kg6 62. Kf4 Kf6 63. Kg4 Kg6 64. Kf4 Kf6 65. g4 Kg6 66. Ke4 Kg5 67. Kf3 Kg6 68. Kg3 Kg5 69. Kf3 Kg6 70. Kg2 Kg5 71. Kg3 Kg6 72. Kh4 Kh6 73. g5+ Kg6 74. Kg4 Kg7 75. Kf5 Kf7 76. Ke5 Kg6 77. Kf4 Kg7 78. Kg4 Kg6 79. Kh4 Kg7 80. Kg3 Kg6 81. Kg4 Kg7 82. Kh5 Kh7 83. Kg4 Kg6 84. Kf4 Kg7 85. Kf5 Kf7 86. g6+ Kg7 87. Kg5 Kg8 88. Kf6 Kf8 89. Kg5 Kg7 90. Kf5 Kg8 91. Kf6 Kf8 92. Kf5 Kg7 93. Kg5 Kg8 94. Kf6 1/2-1/2


[Site "https://www.chess.com"]

[Event "Titled Tuesday Blitz November 08 Early 2022"]
[White "Yurovskykh, Oleksandr"]
[Black "Fernandez Guillen, Ernesto J."]
[WhiteFideId "14134020"]
[BlackFideId "3512428"]
[WhiteElo "2265"]
[BlackElo "2450"]
[Result "0-1"]
[Round "06"]
[TimeControl "180+1"]
[Date "2022.11.09"]
[WhiteClock "0:00:02"]
[BlackClock "0:00:04"]

1. d4 Nf6 2. Nf3 e6 3. Bf4 b6 4. e3 Bb7 5. Bd3 Be7 6. h3 O-O 7. O-O c5 8. c3 d5 9. Nbd2 Nbd7 10. Qe2 Ne4 11. Ne5 Nxe5 12. Bxe5 Rc8 13. Nxe4 dxe4 14. Ba6 Qd7 15. Rfd1 Bxa6 16. Qxa6 c4 17. a4 f6 18. Bg3 Rfd8 19. Qb5 Qb7 20. a5 Rd5 21. a6 Qc6 22. Qxc6 Rxc6 23. f3 exf3 24. gxf3 Rg5 25. Kf2 Rb5 26. Ra2 Bd6 27. Bxd6 Rxd6 28. e4 Kf7 29. Ke3 e5 30. d5 f5 31. exf5 Rdxd5 32. Rxd5 Rxd5 33. Ke4 Rb5 34. Ra4 Rc5 35. Ra1 Kf6 36. Rd1 Ra5 37. Rd6+ Ke7 38. Rc6 Rxa6 39. Rxc4 Kd6 40. b4 Ra1 41. Rc8 Re1+ 42. Kd3 Rh1 43. Ra8 Rxh3 44. Ke3 Rg3 45. Rxa7 h5 46. Rb7 Kc6 47. Re7 Kd5 48. Rb7 h4 49. Rxb6 h3 50. Rb8 e4 51. Rd8+ Ke5 52. Re8+ Kxf5 53. Rxe4 g5 54. Re8 g4 55. Rf8+ Ke6 0-1


[Site "https://www.chess.com"]

[Event "Titled Tuesday Blitz November 08 Early 2022"]
[White "Zaragatski, Ilja"]
[Black "Matinian, Nikita"]
[WhiteFideId "4655192"]
[BlackFideId "24129100"]
[WhiteElo "2460"]
[BlackElo "2422"]
[Result "1-0"]
[Round "06"]
[TimeControl "180+1"]
[Date "2022.11.09"]
[WhiteClock "0:00:19"]
[BlackClock "0:00:34"]

1. Nf3 Nf6 2. g3 g6 3. b3 Bg7 4. Bb2 O-O 5. Bg2 d6 6. d4 a5 7. a4 Na6 8. O-O c6 9. Nbd2 Bf5 10. Nh4 Bd7 11. e4 Qc8 12. Re1 Bh3 13. Nc4 Bxg2 14. Nxg2 Rd8 15. Nb6 Qh3 16. Nf4 Qh6 17. Nxa8 Rxa8 18. Qe2 g5 19. Nd3 Nb4 20. Nxb4 axb4 21. Rad1 Qg6 22. f3 e6 23. g4 d5 24. e5 Nd7 25. Bc1 h6 26. Qd3 Qxd3 27. Rxd3 c5 28. dxc5 Nxe5 29. Rde3 Nd7 30. Kg2 Rc8 31. Bd2 Rxc5 32. Bxb4 Rxc2+ 33. R3e2 Rc6 34. Ba3 d4 35. Rc1 Rb6 36. b4 Ne5 37. b5 Nd3 38. Rc8+ Kh7 39. Rd2 Nf4+ 40. Kf1 e5 41. Rc7 Rf6 42. Be7 Re6 43. Rxb7 e4 44. fxe4 Rxe4 45. Bc5 Ne6 46. Bd6 d3 47. a5 Ra4 48. a6 Ra1+ 49. Kg2 h5 50. gxh5 g4 51. a7 Ng5 52. b6 Ne4 53. Rxd3 Ra2+ 54. Kf1 Ra1+ 55. Ke2 Ra2+ 56. Ke3 Nf2 57. Rb8 Bh6+ 58. Kd4 Ra4+ 59. Kc3 Bg7+ 60. Kb3 Ra6 61. Re3 Bd4 62. Re2 Bxb6 63. a8=Q Rxa8 64. Rxa8 Nh3 65. Rb8 Bg1 66. Rb7 Kh6 67. Rg2 Kxh5 68. Rxf7 Be3 69. Rg3 Bg5 70. Rxh3+ gxh3 71. Rf5 Kg4 72. Rxg5+ Kxg5 73. Bg3 Kg4 74. Kc4 Kf3 75. Kd5 Kg4 76. Ke6 Kh5 77. Ke5 Kg6 78. Kf4 Kh5 79. Kf3 Kg6 80. Kg4 Kh6 81. Kxh3 Kg6 82. Kg2 Kh6 83. h4 Kg6 84. Kh3 Kh6 85. Kg4 Kg6 86. h5+ Kh7 87. Bf4 Kg7 88. Kg5 Kh7 89. h6 Kg8 90. Kg6 Kh8 91. Be5+ Kg8 92. h7+ 1-0


[Site "https://www.chess.com"]

[Event "Titled Tuesday Blitz November 08 Early 2022"]
[White "Zemlyanskii, Ivan"]
[Black "Lazavik, Denis"]
[WhiteFideId "24249971"]
[BlackFideId "13515110"]
[WhiteElo "2107"]
[BlackElo "2483"]
[Result "0-1"]
[Round "06"]
[TimeControl "180+1"]
[Date "2022.11.08"]
[WhiteClock "0:00:04"]
[BlackClock "0:00:06"]

1. d4 f5 2. Qd3 Nc6 3. Nf3 e6 4. c4 Nf6 5. Nc3 Bb4 6. d5 exd5 7. cxd5 Ne7 8. Bd2 O-O 9. Qc4 Bd6 10. g3 a6 11. Bg2 b5 12. Qb3 Bb7 13. Nd4 Kh8 14. a3 Qe8 15. O-O Qf7 16. Bg5 Be5 17. Bxf6 Qxf6 18. e3 Rab8 19. Rad1 Nc8 20. f4 Bd6 21. e4 fxe4 22. Nxe4 Qh6 23. Rfe1 Nb6 24. Ng5 Qf6 25. Qd3 g6 26. Bh3 Bxd5 27. Bg2 Bc5 28. Bxd5 Nxd5 29. Ne4 Bxd4+ 30. Qxd4 Qxd4+ 31. Rxd4 c6 32. Nc5 Rf7 33. Nxa6 Rc8 34. Nc5 Kg7 35. Ne4 Re7 36. Red1 Nb6 37. Nc3 d5 38. a4 bxa4 39. Nxa4 Nc4 40. b3 Ne3 41. Re1 Rce8 42. Rd3 Nf5 43. Rxe7+ Rxe7 44. Nc3 Re1+ 45. Kf2 Rc1 46. b4 Nd6 47. b5 Rc2+ 48. Ke1 cxb5 49. Rxd5 Nf5 50. Nxb5 Rxh2 51. Rd7+ Kh6 52. Nd6 Nxg3 53. Nf7+ Kh5 54. Ne5 h6 55. Rd5 Nf5 56. Kf1 Rh4 57. Nd3 Rh3 58. Ke2 Kh4 59. Kd2 Rh2+ 60. Kc3 Rg2 61. Rd8 Kg3 62. Kc4 Rc2+ 63. Kd5 Re2 64. Kc4 Re4+ 65. Kc3 h5 66. Rg8 Nh4 67. Ne5 Rxf4 68. Nxg6 Rg4 0-1


[Site "https://www.chess.com"]

[Event "Titled Tuesday Blitz November 08 Early 2022"]
[White "czernikowskqa"]
[Black "Tate, Alan"]
[BlackFideId "2401878"]
[WhiteElo "1733"]
[BlackElo "2179"]
[Result "1-0"]
[Round "06"]
[TimeControl "180+1"]
[Date "2022.11.09"]
[WhiteClock "0:00:36"]
[BlackClock "0:00:01"]

1. d4 Nf6 2. c4 c5 3. d5 e6 4. Nc3 exd5 5. cxd5 d6 6. e4 g6 7. f4 Bg7 8. Bb5+ Nfd7 9. Bd3 O-O 10. Nf3 Na6 11. O-O Nb4 12. a3 Nxd3 13. Qxd3 Re8 14. Bd2 Nf6 15. h3 b5 16. e5 Bf5 17. Qxb5 dxe5 18. Nxe5 Nxd5 19. Qxc5 Nb6 20. Be3 Rc8 21. Qa5 Qc7 22. Bxb6 axb6 23. Qb5 Bf8 24. Rac1 Bc5+ 25. Kh1 f6 26. Nf3 Qxf4 27. Nd5 1-0


[Site "https://www.chess.com"]

[Event "Titled Tuesday Blitz November 08 Early 2022"]
[White "Aaditya Dhingra"]
[Black "Prem, Pranav"]
[WhiteFideId "25678191"]
[BlackFideId "30901057"]
[WhiteElo "2054"]
[BlackElo "1970"]
[Result "0-1"]
[Round "07"]
[TimeControl "180+1"]
[Date "2022.11.09"]
[WhiteClock "0:00:04"]
[BlackClock "0:00:09"]

1. e4 c5 2. Nf3 d6 3. d4 cxd4 4. Nxd4 Nf6 5. f3 e5 6. Nb3 Be6 7. c4 Be7 8. Nc3 Nbd7 9. Be3 O-O 10. Be2 a6 11. O-O Rc8 12. Nd5 Bxd5 13. cxd5 Nh5 14. Qd2 g6 15. g3 f5 16. Qb4 f4 17. Bf2 fxg3 18. hxg3 Rc2 19. Bd1 Rxb2 20. Qc3 Rxf2 21. Kxf2 Bg5 22. Rh1 Ndf6 23. Kg2 Nxg3 24. Kxg3 Nh5+ 25. Kf2 Bh4+ 26. Ke3 Qg5+ 27. Kd3 Nf4+ 28. Kc4 Rc8+ 29. Kb4 Rxc3 30. Kxc3 Bf2 31. Rb1 Qg2 32. Bc2 Qxf3+ 33. Kb2 a5 34. a4 Ne2 35. Rhf1 Qc3+ 36. Ka3 Bc5+ 37. Ka2 Qxc2+ 38. Rb2 Qc4 39. Ka1 Nc3 40. Rc1 Qxa4+ 0-1


[Site "https://www.chess.com"]

[Event "Titled Tuesday Blitz November 08 Early 2022"]
[White "Adewumi, Tanitoluwa"]
[Black "Szente Varga, Fruzsina"]
[WhiteFideId "30966396"]
[BlackFideId "712264"]
[WhiteElo "2558"]
[BlackElo "1994"]
[Result "0-1"]
[Round "07"]
[TimeControl "180+1"]
[Date "2022.11.09"]
[WhiteClock "0:00:01"]
[BlackClock "0:01:09"]

1. e4 e5 2. Nf3 Nc6 3. Nc3 Nf6 4. Bb5 d6 5. d4 exd4 6. Nxd4 Bd7 7. O-O Be7 8. Re1 O-O 9. Bg5 h6 10. Bh4 Nxd4 11. Bxd7 Nxc2 12. Qxc2 Qxd7 13. Rad1 Nh7 14. Bxe7 Qxe7 15. Nd5 Qd7 16. Qxc7 Qxc7 17. Nxc7 Rac8 18. Nb5 Rc2 19. Rb1 Rd8 20. Nxa7 Ra8 21. Nb5 Rxa2 22. Nxd6 Raxb2 23. Rf1 Nf6 24. e5 Ng4 25. Rxb2 Rxb2 26. f4 Ne3 27. Rf3 Nxg2 28. e6 fxe6 29. f5 Nh4 30. Rg3 Nxf5 31. Nxf5 exf5 32. Rf3 g6 0-1


[Site "https://www.chess.com"]

[Event "Titled Tuesday Blitz November 08 Early 2022"]
[White "Adnan, Habib"]
[Black "Miszler, Levente"]
[WhiteFideId "11202270"]
[BlackFideId "763276"]
[WhiteElo "2110"]
[BlackElo "2176"]
[Result "1-0"]
[Round "07"]
[TimeControl "180+1"]
[Date "2022.11.09"]
[WhiteClock "0:01:29"]
[BlackClock "0:01:21"]

1. d4 Nf6 2. c4 d6 3. Nf3 g6 4. Nc3 Bg7 5. Bg5 Nbd7 6. e3 O-O 7. Be2 e5 8. Qc2 h6 9. Bh4 g5 10. Bg3 Nh5 11. O-O-O Nxg3 12. hxg3 f5 13. dxe5 dxe5 14. g4 fxg4 15. Nh2 g3 16. Ng4 Rf6 17. Ne4 Rg6 18. Nxg3 Ra6 19. c5 Rxa2 20. Bc4+ 1-0


[Site "https://www.chess.com"]

[Event "Titled Tuesday Blitz November 08 Early 2022"]
[White "Akylbekov, Nasyr"]
[Black "Bilan, Danila"]
[WhiteFideId "13800353"]
[BlackFideId "24161918"]
[WhiteElo "2310"]
[BlackElo "2173"]
[Result "1/2-1/2"]
[Round "07"]
[TimeControl "180+1"]
[Date "2022.11.09"]
[WhiteClock "0:00:53"]
[BlackClock "0:00:09"]

1. e4 c6 2. d4 d5 3. exd5 cxd5 4. c4 Nf6 5. Nc3 Nc6 6. Nf3 Bg4 7. Be3 e6 8. c5 Ne4 9. Bb5 Qa5 10. Bxc6+ bxc6 11. O-O Nxc3 12. bxc3 Be7 13. h3 Bh5 14. g4 Bg6 15. Ne5 Rc8 16. Qb3 O-O 17. Qb7 Bf6 18. Nxc6 Qxc3 19. Rfc1 Qd3 20. Nxa7 Ra8 21. Rd1 Qe4 22. Nb5 Rab8 23. Qa6 Qf3 24. Nd6 Qxh3 25. Qf1 Qxg4+ 26. Qg2 Qh4 27. a4 Be7 28. a5 Rb2 29. a6 Bxd6 30. cxd6 Be4 31. Qh2 Qg4+ 32. Qg3 Qh5 33. Qh2 Qg4+ 34. Kf1 Qe2+ 35. Kg1 Qg4+ 1/2-1/2


[Site "https://www.chess.com"]

[Event "Titled Tuesday Blitz November 08 Early 2022"]
[White "Alhadad, Mahmoud"]
[Black "Tharushi, T H D Niklesha"]
[WhiteFideId "11501863"]
[BlackFideId "9918264"]
[WhiteElo "1955"]
[BlackElo "1596"]
[Result "1/2-1/2"]
[Round "07"]
[TimeControl "180+1"]
[Date "2022.11.09"]
[WhiteClock "0:00:11"]
[BlackClock "0:00:14"]

1. e4 c6 2. d4 d5 3. f3 e6 4. e5 f6 5. f4 fxe5 6. fxe5 Nh6 7. Bxh6 gxh6 8. Qh5+ Ke7 9. Be2 Qe8 10. Qh4+ Kd7 11. Bh5 Qe7 12. Qg4 Na6 13. Nf3 Nb4 14. Na3 a5 15. c3 Nd3+ 16. Kd2 Nf2 17. Qg3 Nxh1 18. Rxh1 b5 19. Rf1 b4 20. Nc2 bxc3+ 21. bxc3 Ba6 22. Rf2 Bg7 23. Qh3 Rhf8 24. Bg4 Rf7 25. Kc1 Rb8 26. Rd2 Bc4 27. a3 Ba2 28. Rd1 Rb1+ 29. Kd2 Rxd1+ 30. Kxd1 Bb3 31. Kd2 a4 32. Ng1 Rf2+ 33. Ne2 Bxc2 34. Kxc2 Qxa3 35. Bxe6+ Kc7 36. Bg4 Qb3+ 37. Kd3 Qc4+ 38. Kd2 a3 39. e6 Bf8 40. Qg3+ Bd6 41. Qxf2 a2 42. Qf1 Qb3 43. Nc1 Qb1 44. Qf7+ Kb6 45. Nxa2 Qxa2+ 46. Kd3 Qb1+ 47. Ke3 Qe1+ 48. Kf3 Qxc3+ 49. Kf2 Qxd4+ 50. Kf1 Qd3+ 51. Be2 Qb1+ 52. Kf2 Bc5+ 53. Kf3 Qe4+ 54. Kg3 Qg6+ 55. Qxg6 hxg6 56. Kf4 Bd6+ 57. Kg4 Kc7 58. Bd3 g5 59. Kf5 Kd8 60. Kf6 c5 61. Kf7 c4 62. Bc2 d4 63. Kg7 d3 64. Ba4 d2 65. Kxh6 g4 66. Kg5 c3 67. Kxg4 Bxh2 68. Kf5 Ke7 69. g4 Bg1 70. g5 Bd4 71. Kg6 Bc5 72. Bb3 Bd4 73. Kf5 Bg7 74. g6 Bd4 75. Ke4 Bg7 76. Kd5 Bf6 77. Ke4 Kf8 78. Kd3 Kg7 79. Kc2 Kxg6 80. Bc4 Kg7 81. Be2 Kf8 82. Bd1 Ke7 83. Bg4 Kd6 84. Bf5 Ke5 85. Bh3 Kf4 86. Bf1 Kg3 87. Kd1 Kf2 88. Bc4 Ke3 89. Bb3 Kd4 90. Bc2 Kc5 91. Ba4 Kb4 92. Bc2 Be7 93. Bd3 Kb3 94. Bc2+ Kb2 95. Be4 Bd6 96. Bc2 Ka3 97. Bg6 Kb4 98. Bc2 Kc5 99. Bh7 Be7 100. Bf5 Kd4 101. Bc2 Ke5 102. Bb3 Kf4 103. Kc2 Ke3 104. Kxc3 Ke2 105. Bc4+ Ke1 106. Bb3 Bf6+ 107. Kc4 Be7 108. Kd5 d1=Q+ 109. Bxd1 Kxd1 110. Kc6 Ba3 111. Kd7 Ke2 112. e7 Bxe7 1/2-1/2


[Site "https://www.chess.com"]

[Event "Titled Tuesday Blitz November 08 Early 2022"]
[White "Andreikin, Dmitry"]
[Black "Nakamura, Hikaru"]
[WhiteFideId "4158814"]
[BlackFideId "2016192"]
[WhiteElo "2736"]
[BlackElo "2909"]
[Result "1/2-1/2"]
[Round "07"]
[TimeControl "180+1"]
[Date "2022.11.08"]
[WhiteClock "0:00:06"]
[BlackClock "0:00:28"]

1. e4 e5 2. Nf3 Nc6 3. Bb5 Nf6 4. d3 Bc5 5. Bxc6 dxc6 6. Nbd2 Be6 7. Qe2 Nd7 8. Nb3 Bb6 9. Ng5 Bxb3 10. axb3 f6 11. Nf3 Nf8 12. Nh4 Qd7 13. Be3 Ne6 14. Bxb6 cxb6 15. Nf5 g6 16. Ne3 O-O 17. O-O Kh8 18. b4 a6 19. Nc4 Qc7 20. Qe3 b5 21. Nd2 b6 22. c3 a5 23. bxa5 bxa5 24. Nb3 Rfd8 25. Rfd1 c5 26. Nc1 Rd7 27. Ne2 Rad8 28. Rd2 a4 29. h4 Rd6 30. h5 Kg7 31. h6+ Kf7 32. f4 exf4 33. Nxf4 Nxf4 34. Qxf4 R6d7 35. Qf3 Qe5 36. Rf1 b4 37. Rdf2 Rd6 38. Qe3 a3 39. d4 cxd4 40. cxd4 Qxd4 41. Qxd4 Rxd4 42. Rxf6+ Kg8 43. bxa3 bxa3 44. Ra6 Rxe4 45. Rxa3 Rh4 46. Rh3 Rxh3 47. gxh3 Rd5 48. Kg2 Rh5 49. Kg3 Rxh6 50. Ra1 Rh5 51. Ra7 Rf5 52. h4 Rf7 53. Ra6 Kg7 54. Ra5 Kh6 55. Rb5 Re7 56. Ra5 Rb7 57. Rc5 Rd7 58. Rb5 Rd4 59. Rb7 Re4 60. Ra7 Re8 61. Rb7 Rg8 62. Kg4 Rg7 63. Rb6 Rc7 64. Kg3 Kg7 65. Rb5 h6 66. Rb6 Rc3+ 67. Kg2 Re3 68. Ra6 Re5 69. Kg3 Kf7 70. Rb6 Re6 71. Rb5 Kf6 72. Ra5 Re3+ 73. Kf4 Re6 74. Rb5 Ra6 75. Rc5 Ra4+ 76. Kg3 Ra3+ 77. Kg2 Re3 78. Rb5 h5 79. Ra5 Re5 80. Ra4 Kf5 81. Kf3 Rb5 82. Rf4+ Ke5 83. Re4+ Kf6 84. Ra4 Rb3+ 85. Kg2 Kf5 86. Ra5+ Kf4 87. Rg5 Rb6 88. Kh3 Kf3 89. Rg3+ Ke4 90. Rg5 Kf4 91. Kh2 Ra6 92. Kh3 Kf3 93. Kh2 Ra4 94. Kh3 Rg4 95. Ra5 Rg1 96. Ra3+ Kf4 97. Ra4+ Kf3 98. Ra3+ Kf2 99. Ra2+ Ke3 100. Ra3+ Ke4 101. Ra4+ Kf5 102. Ra5+ Kf6 103. Ra6+ Ke5 104. Ra5+ Kd4 105. Ra4+ Kd3 106. Ra3+ Ke2 107. Ra2+ Kf3 108. Ra3+ 1/2-1/2


[Site "https://www.chess.com"]

[Event "Titled Tuesday Blitz November 08 Early 2022"]
[White "Andrews, Todd"]
[Black "Firat, Burak"]
[WhiteFideId "2012456"]
[BlackFideId "6305881"]
[WhiteElo "2437"]
[BlackElo "2392"]
[Result "0-1"]
[Round "07"]
[TimeControl "180+1"]
[Date "2022.11.09"]
[WhiteClock "0:00:02"]
[BlackClock "0:00:21"]

1. e4 c5 2. Nf3 e6 3. d3 d5 4. Nbd2 Nf6 5. g3 Nc6 6. Bg2 g6 7. O-O Bg7 8. Re1 O-O 9. c3 a5 10. a4 b6 11. e5 Ng4 12. d4 f6 13. h3 Nxf2 14. Kxf2 fxe5 15. dxe5 Nxe5 16. Kg1 Nd3 17. Rf1 e5 18. Ne1 Nxc1 19. Rxc1 Rxf1+ 20. Nxf1 Be6 21. c4 e4 22. cxd5 Bxd5 23. Ne3 Bd4 24. Nc2 Bb3 25. Qe2 Bxc2 26. Rxc2 Qg5 27. Rc3 Qxg3 28. Qf2 Qg5 29. Kh1 Rf8 30. Qe2 Bxc3 31. bxc3 Qg3 32. Qc4+ Kg7 33. Qxe4 h5 34. c4 Rf2 35. Qe7+ Kh6 36. Qe6 Qf4 37. Kg1 Rd2 38. Qe8 Qf6 39. Qe4 Qf2+ 40. Kh2 Qf6 41. Kg1 Qf2+ 42. Kh2 Re2 43. Qe5 Qxe3 44. Qh8+ Kg5 45. Qd8+ Qe7 46. Qd5+ Qe5+ 47. Qxe5+ Rxe5 0-1


[Site "https://www.chess.com"]

[Event "Titled Tuesday Blitz November 08 Early 2022"]
[White "Anton Guijarro, David"]
[Black "Milikow, Yoav"]
[WhiteFideId "2285525"]
[BlackFideId "2822237"]
[WhiteElo "2579"]
[BlackElo "2341"]
[Result "1-0"]
[Round "07"]
[TimeControl "180+1"]
[Date "2022.11.08"]
[WhiteClock "0:01:50"]
[BlackClock "0:00:44"]

1. Nf3 d5 2. c4 d4 3. b4 c5 4. g3 Nf6 5. Qa4+ Bd7 6. b5 Qc7 7. Bg2 e5 8. Nxe5 Qxe5 9. Bxb7 d3 10. Nc3 Na6 11. Bxa8 Nb4 12. O-O Nc2 13. exd3 Nxa1 14. Bb2 Ng4 15. Bc6 Qh5 16. Re1+ Be7 17. Bxd7+ Kxd7 18. Qxa7+ Kc8 19. Qa8+ Kc7 20. Nd5+ 1-0


[Site "https://www.chess.com"]

[Event "Titled Tuesday Blitz November 08 Early 2022"]
[White "Arabidze, Meri"]
[Black "Devaev, Alexander"]
[WhiteFideId "13604040"]
[BlackFideId "4169395"]
[WhiteElo "2403"]
[BlackElo "2225"]
[Result "1-0"]
[Round "07"]
[TimeControl "180+1"]
[Date "2022.11.09"]
[WhiteClock "0:02:03"]
[BlackClock "0:02:18"]

1. Nf3 Nf6 2. c4 c5 3. b3 e6 4. Bb2 Nc6 5. e3 Be7 6. d4 cxd4 7. Nxd4 Qc7 8. Bd3 a6 9. O-O Ne5 10. Be2 d6 11. Nc3 O-O 12. Rc1 b6 13. f4 Ned7 14. e4 Re8 15. Kh1 Bf8 16. Bd3 Bb7 17. Qe2 Rac8 18. Bb1 Ba8 19. Qf2 Nc5 20. Rce1 Ncd7 21. Qh4 Qc5 22. e5 dxe5 23. fxe5 Nxe5 24. Rxf6 gxf6 25. Qxh7# 1-0


[Site "https://www.chess.com"]